 Dungeon Crawl Stone Soup version 0.29-a0-82-g837932c90e (webtiles) character file.

Game seed: 11685506852143527677

989 sanka the Conjurer (level 8, -1/58 HPs)
             Began as a Gnoll Conjurer on Feb 4, 2022.
             Killed from afar by an acid dragon (23 damage)
             ... with a splash of acid
             ... on level 5 of the Dungeon.
             The game lasted 00:07:06 (5251 turns).

sanka the Conjurer (Gnoll Conjurer)                 Turns: 5251, Time: 00:07:06

Health: -1/58      AC:  0    Str: 11    XL:     8   Next: 18%
Magic:  8/16       EV: 13    Int: 19    God:
Gold:   227        SH:  0    Dex: 11    Spells: 4/18 levels left

rFire   . . .      SeeInvis .     - Unarmed
rCold   . . .      Faith    +   (no shield)
rNeg    . . .      Spirit   .   a - +0 robe
rPois   .          Reflect  .   (no helmet)
rElec   .          Harm     .   m - +0 cloak
rCorr   .          Rampage  .   (no gloves)
Will    .....                   (no boots)
Stlth   +++.......              b - amulet of faith
HPRegen 0.19/turn               u - ring of flight
MPRegen 0.15/turn               g - ring "Ellack" {Wiz Str+4}

@: corroded, flying
A: fangs 1, strong nose, distributed training
a: no special abilities


You were on level 5 of the Dungeon.
You visited 1 branch of the dungeon, and saw 5 of its levels.

You collected 227 gold pieces.


Innate Abilities, Weirdness & Mutations

You have very sharp teeth.
Your uncanny sense of smell can sniff out nearby items.
Your experience applies equally to all skills.


   Skills:
 + Level 3.0 Fighting
 + Level 3.0 Short Blades
 + Level 3.0 Long Blades
 + Level 3.0 Axes
 + Level 3.0 Maces & Flails
 + Level 3.0 Polearms
 + Level 3.0 Staves
 + Level 3.0 Slings
 + Level 3.0 Bows
 + Level 3.0 Crossbows
 + Level 3.0 Throwing
 + Level 3.0 Armour
 + Level 5.5 Dodging
 + Level 5.2 Stealth
 + Level 3.0 Shields
 + Level 3.0 Unarmed Combat
 + Level 5.9 Spellcasting
 + Level 7.5 Conjurations
 + Level 2.4 Hexes
 + Level 2.4 Summonings
 + Level 2.4 Necromancy
 + Level 2.4 Translocations
 + Level 2.4 Transmutations
 + Level 2.4 Fire Magic
 + Level 2.4 Ice Magic
 + Level 2.4 Air Magic
 + Level 2.4 Earth Magic
 + Level 2.4 Poison Magic
 + Level 3.3 Invocations
 + Level 3.0 Evocations


You had 4 spell levels left.
You knew the following spells:

 Your Spells              Type           Power      Damage    Failure   Level
c - Mephitic Cloud        Conj/Pois/Air  21%        N/A       2%          3
v - Iskenderun's Mystic   Conj/Tloc      24%        2d7       6%          4
x - Searing Ray           Conj           68%        2d6       1%          2
z - Magic Dart            Conj           100%       1d8       1%          1
Z - Fulminant Prism       Conj/Hex       12%        3d9       6%          4

Your spell library contained the following spells:

 Spells                   Type           Power      Damage    Failure   Level
 Dazzling Flash           Conj/Hex       48%        N/A       1%          3
 Call Imp                 Summ           15%        N/A       2%          2
 Cause Fear               Hex            7%         N/A       16%         4
 Dragon Form              Tmut           7%         N/A       100%        7
 Dragon's Call            Summ           7%         N/A       100%        9

Inventory:

Missiles
 r - a throwing net {=f}
Armour
 a - a +0 robe (worn)
 m - a +0 cloak (worn)
 p - a +2 robe of resistance
Jewellery
 b - an amulet of faith (around neck)
 g - the ring "Ellack" (right hand) {Wiz Str+4}

   [ring of wizardry]

   It improves your spell success rate.
   Str:       It affects your strength (+4).
 u - a ring of flight (left hand)
Scrolls
 d - a scroll of brand weapon {unknown}
 e - 4 scrolls of identify {unknown}
 j - 2 scrolls of enchant weapon {unknown}
 k - a scroll of enchant armour {unknown}
 n - a scroll of silence {unknown}
 q - 3 scrolls of vulnerability {unknown}
 s - a scroll of holy word {unknown}
 t - 2 scrolls of noise {unknown}
 v - a scroll of immolation {unknown}
 w - a scroll of teleportation {unknown}
Potions
 c - 2 potions of flight {unknown}
 f - 2 potions of haste {unknown}
 h - 2 potions of lignification {!q}
 i - a potion of curing {@q1}
 l - 2 potions of might {unknown}
 o - 2 potions of degeneration {unknown}

Dungeon Overview and Level Annotations

Branches:
Dungeon (5/15)
 Temple: D:4-7

Altars:

Shops:
D:3 !

Annotations:
D:5 4 runed translucent doors

.............▒▒[.....▒...▒▒++▒▒.+
......▒▒▒▒▒▒...<..▒▒....▒▒8YS8▒ ▒
......▒ ▒▒▒..▒.▒▒▒▒..▒8..o.8▒
▒▒.▒▒▒▒ ▒..▒..▒ ▒..▒}....!▒
▒.....▒ ▒▒.▒▒.▒ ▒▒.▒?....)▒
▒.....▒ ▒..▒.. ▒.▒8....8▒ ▒.....▒
▒▒..▒▒.▒ ▒.▒▒8..8▒▒ ......▒ ▒...▒
.▒ ▒.. ▒++▒▒ ......▒ ▒▒.▒g▒ ▒▒.
.... ▒▒▒▒▒▒▒ ▒..▒.?▒ .▒ .▒. ▒
▒.▒▒▒.D. .. . ▒▒▒▒▒▒▒ ▒▒.▒ ▒....
....†.▒▒ ▒..▒ ...... ▒▒▒▒▒..▒
▒.▒▒ ...... ▒▒.▒▒▒▒▒.▒ .....
▒.......▒ ..... ▒▒▒▒▒▒▒▒▒


You could see an acid dragon (catching breath).


Message History

An acid dragon is nearby!
The magic dart hits the acid dragon.
The acid dragon is lightly wounded.
The acid dragon roars!
The magic dart hits the acid dragon but does no damage.
The acid dragon is lightly wounded.
The acid dragon spits acid at you. The splash of acid hits you!!
The acid corrodes you!
The magic dart hits the acid dragon but does no damage.
The acid dragon is lightly wounded.
The magic dart hits the acid dragon.
The acid dragon is moderately wounded.
The magic dart hits the acid dragon but does no damage.
The acid dragon is moderately wounded.
The magic dart hits the acid dragon but does no damage.
The acid dragon is moderately wounded.
Aiming: Searing Ray (safe; 1% risk of failure)
Aim: an acid dragon (moderately wounded, 81% to hit)
The searing ray hits the acid dragon but does no damage.
The acid dragon is moderately wounded. (Press . to maintain the ray.)
The acid dragon spits acid at you. The splash of acid hits you!!
* * * LOW HITPOINT WARNING * * *
The searing ray hits the acid dragon.
The acid dragon is moderately wounded.
The acid dragon spits acid at you. The splash of acid hits you!!
You die...

Action                   |  1- 3 |  4- 6 |  7- 9 || total
-------------------------+-------+-------+-------++-------
Melee: Unarmed           |       |     5 |    27 ||    32
       Bite              |       |       |     3 ||     3
 Cast: Magic Dart        |    30 |    93 |    88 ||   211
       Searing Ray       |     2 |     8 |    12 ||    22
  Use: Potion            |       |       |     5 ||     5
Armor: Robe              |       |     3 |     8 ||    11
       Skin              |       |       |    15 ||    15
Dodge: Dodged            |     1 |    31 |    41 ||    73

Levels and vault maps discovered:
D:1:      tarquinn_simple_flora_water_e, layout_basic,
          shapermc_ecumenical_altar_mp_ritualfount
D:2:      minmay_door_path, layout_basic, minmay_pentomino_p4, uniq_jessica
D:3:      layout_basic, serial_shops,
          nicolae_shop_temple_entry_statues_fountains
D:4:      layout_cave_pools, uniq_blork_the_orc, uniq_duvessa
D:5:      layout_rooms, minmay_hollow_rounded_squares

Notes
Turn   | Place    | Note
-------+----------+-------------------------------------------
     0 | D:1      | sanka the Gnoll Conjurer began the quest for the Orb.
     0 | D:1      | Reached XP level 1. HP: 13/13 MP: 6/6
   159 | D:1      | Found a faded altar of an unknown god.
   424 | D:1      | Reached XP level 2. HP: 19/19 MP: 4/7
   466 | D:1      | Learned a level 2 spell: Searing Ray
  1018 | D:2      | Identified the ring "Ellack" {Wiz Str+4}
  1096 | D:4      | Noticed Blork the orc
  1101 | D:4      | Killed Blork the orc
  1102 | D:4      | Reached skill level 1 in Fighting
  1102 | D:4      | Reached skill level 1 in Short Blades
  1102 | D:4      | Reached skill level 1 in Long Blades
  1102 | D:4      | Reached skill level 1 in Axes
  1102 | D:4      | Reached skill level 1 in Maces & Flails
  1102 | D:4      | Reached skill level 1 in Polearms
  1102 | D:4      | Reached skill level 1 in Staves
  1102 | D:4      | Reached skill level 1 in Slings
  1102 | D:4      | Reached skill level 1 in Bows
  1102 | D:4      | Reached skill level 1 in Crossbows
  1102 | D:4      | Reached skill level 1 in Throwing
  1102 | D:4      | Reached skill level 1 in Armour
  1102 | D:4      | Reached skill level 1 in Shields
  1102 | D:4      | Reached skill level 1 in Unarmed Combat
  1102 | D:4      | Reached skill level 5 in Spellcasting
  1102 | D:4      | Reached skill level 1 in Hexes
  1102 | D:4      | Reached skill level 1 in Summonings
  1102 | D:4      | Reached skill level 1 in Necromancy
  1102 | D:4      | Reached skill level 1 in Translocations
  1102 | D:4      | Reached skill level 1 in Transmutations
  1102 | D:4      | Reached skill level 1 in Fire Magic
  1102 | D:4      | Reached skill level 1 in Ice Magic
  1102 | D:4      | Reached skill level 1 in Air Magic
  1102 | D:4      | Reached skill level 1 in Earth Magic
  1102 | D:4      | Reached skill level 1 in Poison Magic
  1102 | D:4      | Reached skill level 1 in Invocations
  1102 | D:4      | Reached skill level 1 in Evocations
  1102 | D:4      | Reached XP level 3. HP: 26/26 MP: 0/9
  1102 | D:4      | Reached XP level 4. HP: 32/32 MP: 0/11
  1112 | D:4      | Noticed a phantom
  1171 | D:4      | Noticed Duvessa
  1377 | D:3      | Found Wuoloazo's Distillery.
  1394 | D:3      | Reached XP level 5. HP: 6/37 MP: 4/12
  2733 | D:2      | Identified a +2 robe of resistance
  2733 | D:2      | Noticed Jessica
  2736 | D:2      | Killed Jessica
  2859 | D:4      | Reached skill level 2 in Invocations
  2859 | D:4      | Reached XP level 6. HP: 44/44 MP: 8/13
  3102 | D:4      | Noticed Dowan
  3110 | D:4      | Killed Duvessa
  3111 | D:4      | Reached skill level 2 in Fighting
  3111 | D:4      | Reached skill level 2 in Short Blades
  3111 | D:4      | Reached skill level 2 in Long Blades
  3111 | D:4      | Reached skill level 2 in Axes
  3111 | D:4      | Reached skill level 2 in Maces & Flails
  3111 | D:4      | Reached skill level 2 in Polearms
  3111 | D:4      | Reached skill level 2 in Staves
  3111 | D:4      | Reached skill level 2 in Slings
  3111 | D:4      | Reached skill level 2 in Bows
  3111 | D:4      | Reached skill level 2 in Crossbows
  3111 | D:4      | Reached skill level 2 in Throwing
  3111 | D:4      | Reached skill level 2 in Armour
  3111 | D:4      | Reached skill level 5 in Dodging
  3111 | D:4      | Reached skill level 2 in Shields
  3111 | D:4      | Reached skill level 2 in Unarmed Combat
  3111 | D:4      | Reached skill level 2 in Evocations
  3112 | D:4      | Killed Dowan
  3113 | D:4      | Reached XP level 7. HP: 14/50 MP: 1/15
  3342 | D:4      | Learned a level 4 spell: Fulminant Prism
  3346 | D:4      | Learned a level 3 spell: Mephitic Cloud
  3351 | D:4      | Learned a level 4 spell: Iskenderun's Mystic Blast
  3537 | D:4      | Reached skill level 2 in Hexes
  3537 | D:4      | Reached skill level 2 in Summonings
  3537 | D:4      | Reached skill level 2 in Necromancy
  3537 | D:4      | Reached skill level 2 in Translocations
  3537 | D:4      | Reached skill level 2 in Transmutations
  3537 | D:4      | Reached skill level 2 in Fire Magic
  3537 | D:4      | Reached skill level 2 in Ice Magic
  3537 | D:4      | Reached skill level 2 in Air Magic
  3537 | D:4      | Reached skill level 2 in Earth Magic
  3537 | D:4      | Reached skill level 2 in Poison Magic
  3980 | D:5      | Entered Level 5 of the Dungeon
  4090 | D:5      | Noticed a wraith
  4096 | D:5      | HP: 4/51 [wraith (8)]
  4114 | D:5      | Killed a wraith
  4115 | D:5      | Reached skill level 5 in Stealth
  4115 | D:5      | Reached skill level 3 in Invocations
  4404 | D:5      | Found a large runed translucent door.
  4404 | D:5      | Noticed a yak
  4406 | D:5      | Found a large runed translucent door.
  4410 | D:5      | Found a large runed translucent door.
  4410 | D:5      | Found a large runed translucent door.
  4662 | D:4      | Reached XP level 8. HP: 52/57 MP: 8/16
  4954 | D:5      | Reached skill level 3 in Fighting
  4954 | D:5      | Reached skill level 3 in Short Blades
  4954 | D:5      | Reached skill level 3 in Long Blades
  4954 | D:5      | Reached skill level 3 in Axes
  4954 | D:5      | Reached skill level 3 in Maces & Flails
  4954 | D:5      | Reached skill level 3 in Polearms
  4954 | D:5      | Reached skill level 3 in Staves
  4954 | D:5      | Reached skill level 3 in Slings
  4954 | D:5      | Reached skill level 3 in Bows
  4954 | D:5      | Reached skill level 3 in Crossbows
  4954 | D:5      | Reached skill level 3 in Throwing
  4954 | D:5      | Reached skill level 3 in Armour
  4954 | D:5      | Reached skill level 3 in Shields
  4954 | D:5      | Reached skill level 3 in Unarmed Combat
  4954 | D:5      | Reached skill level 3 in Evocations
  5251 | D:5      | Killed from afar by an acid dragon

Vanquished Creatures
  A wraith (D:5)
  Duvessa (D:4)
  A phantom (D:4)
  Blork the orc (D:4)
  A wyvern zombie (D:5)
  A scorpion (D:5)
  Dowan (D:4)
  A bullfrog zombie (D:5)
  2 jellies
  2 orc priests
  A hound (D:4)
  Jessica (D:2)
  8 gnolls
  4 adders
  An ufetubus (D:5)
  An adder skeleton (D:4)
  A worm (D:2)
  A dart slug (D:2)
  10 orcs
  6 ball pythons
  10 endoplasms
  A giant cockroach (D:4)
  7 goblins
  4 hobgoblins
  8 jackals
  A quokka (D:2)
  7 bats
  4 frilled lizards
  5 kobolds
  5 rats
98 creatures vanquished.
